 Dungeon Crawl Stone Soup version 0.21.1-1-g345015f (webtiles) character file.

24 shakethe the Grasshopper (level 3, 0/22 HPs)
             Began as a Gargoyle Warper on Feb 7, 2018.
             Slain by a worker ant (4 damage)
             ... on level 2 of the Dungeon.
             The game lasted 00:02:36 (993 turns).

shakethe the Grasshopper (Gargoyle Warper)           Turns: 993, Time: 00:02:37

Health: 0/22       AC:  6    Str: 14    XL:     3   Next: 2%
Magic:  1/6        EV: 11    Int: 13    God:
Gold:   18         SH:  0    Dex: 10    Spells: 2/6 levels left

rFire    . . .     SeeInvis .   a - +0 hand axe
rCold    . . .     Gourm    .   (no shield)
rNeg     + . .     Faith    .   b - +0 leather armour
rPois    ∞         Spirit   .   (no helmet)
rElec    +         Reflect  .   (no cloak)
rCorr    .         Harm     .   (no gloves)
MR       .....                  (no boots)
Stlth    +.........             (no amulet)
HPRegen  0.07/turn              (no ring)
MPRegen  0.10/turn              (no ring)

@: very slightly contaminated
A: negative energy resistance 1, electricity resistance, unbreathing,
petrification resistance, rot immunity, AC +3
a: no special abilities


You were on level 2 of the Dungeon.
You were hungry.

You visited 1 branch of the dungeon, and saw 2 of its levels.

You collected 18 gold pieces.

Inventory:

Hand Weapons
 a - a +0 hand axe (weapon)
Missiles
 e - 5 tomahawks of dispersal (quivered)
Armour
 b - a +0 leather armour (worn)
Scrolls
 d - a scroll of blinking
 g - 3 scrolls of identify {unknown}
 h - a scroll of teleportation {unknown}
 i - a scroll of enchant armour {unknown}
 j - 2 scrolls of fear {unknown}
 l - a scroll of immolation {unknown}
 n - a scroll of remove curse {unknown}
Potions
 k - a potion of heal wounds {unknown}
Books
 c - a book of Spatial Translocations

   Spells                             Type                      Level
   a - Blink                          Translocation                2
   b - Shroud of Golubria             Charms/Translocation         2
   c - Lesser Beckoning               Translocation                3
   d - Gell's Gravitas                Translocation                3
   e - Teleport Other                 Translocation                3
   f - Passage of Golubria            Translocation                4
Comestibles
 f - 2 rations
 m - 2 chunks of flesh


   Skills:
 - Level 2.4 Fighting
 * Level 2.3 Axes
 - Level 0.8 Throwing
 - Level 1.2 Armour
 - Level 1.6 Dodging
 + Level 2.3 Spellcasting
 + Level 2.8 Translocations


You had 2 spell levels left.
You knew the following spells:

 Your Spells              Type           Power        Failure   Level  Hunger
a - Blink                 Tloc           N/A          14%         2    ###....
b - Shroud of Golubria    Chrm/Tloc      #.........   26%         2    ###....


Dungeon Overview and Level Annotations

Branches:
Dungeon (2/15)

Altars:


Innate Abilities, Weirdness & Mutations

You are resistant to torment.
Your stone body is resilient. (AC +3)
You are immune to poison.
You resist negative energy. (rN+)
You are resistant to electric shocks. (rElec)
You can survive without breathing.
You are immune to petrification.
You are immune to rotting.


Message History

You are too injured to fight recklessly!
You are too injured to fight recklessly!
You are too injured to fight recklessly!
Cast which spell? (? or * to list)
You blink.
Casting: Blink
Confirm with . or Enter, or press ? or * to list all spells.
You blink.
You are feeling hungry.
Casting: Blink
Confirm with . or Enter, or press ? or * to list all spells.
You miscast Blink.
You are very lightly contaminated with residual magic.
The floor and the ceiling briefly switch places.
The worker ant bites you.
* * * LOW HITPOINT WARNING * * *
You see here a trident.
The worker ant bites you but does no damage.
The worker ant bites you.
You die...

###
##.#.###.........#
#.#.###.#####.###
#.......# #.#
##...#### #.#
##.....## #.#
##.......## #.##
#.........####...#
+....)....'.......
#...@a....####.###
##.......##
##.....## ##...##
##+##


You could see a worker ant.

Vanquished Creatures
  2 giant cockroaches (D:1)
  3 goblins (D:1)
  3 hobgoblins (D:1)
  5 kobolds
  A quokka (D:2)
  4 bats (D:1)
  2 frilled lizards (D:1)
  2 rats (D:1)
22 creatures vanquished.

Notes
Turn   | Place    | Note
-------+----------+-------------------------------------------
     0 | D:1      | shakethe the Gargoyle Warper began the quest for the Orb.
     0 | D:1      | Reached XP level 1. HP: 12/12 MP: 3/3
   359 | D:1      | Reached XP level 2. HP: 11/18 MP: 5/5
   363 | D:1      | Learned a level 2 spell: Blink
   366 | D:1      | Learned a level 2 spell: Shroud of Golubria
   920 | D:2      | Reached XP level 3. HP: 17/22 MP: 6/6
   993 | D:2      | Slain by a worker ant

Skill      XL: |  1 |
---------------+----+-----
Axes           | 2 |  2.3
Fighting       | |  2.4
Throwing       | |  0.8
Armour         | |  1.2
Dodging        | |  1.6
Spellcasting   | |  2.3
Translocations | |  2.8

Action                   || total
-------------------------++-------
Melee: Hand axe          ||    87
 Cast: Blink             ||     2
Armor: Leather armour    ||    35
Dodge: Dodged            ||    55
